 Dungeon Crawl Stone Soup version 0.30.0-29-ga12c61a403 (webtiles) character file.

Game seed: 4641843810199376583

356 Elmgren the Digger (level 6, 32/32 HPs)
             Began as a Gargoyle Earth Elementalist on June 22, 2023.
             Quit the game on level 4 of the Dungeon.
             The game lasted 00:09:07 (4538 turns).

Elmgren the Digger (Gargoyle Earth Elementalist)    Turns: 4538, Time: 00:09:08

Health: 32/32      AC:  7    Str: 11    XL:     6   Next: 63%
Magic:  11/11      EV: 11    Int: 18    God:
Gold:   228        SH:  0    Dex: 10    Spells: 11/12 levels left

rFire   . . .        f - +3 dagger (venom)
rCold   . . .        (no shield)
rNeg    + . .        a - +0 robe
rPois   ∞            (no helmet)
rElec   +            e - +0 cloak
rCorr   .            (no gloves)
SInv    .            (no boots)
Will    .....        o - amulet of regeneration
Stlth   ++           (no ring)
HPRegen 1.05/turn    (no ring)
MPRegen 0.12/turn

%: no passive effects
@: no status effects
A: sickness immunity, AC +4, negative energy resistance 1, electricity
resistance, torment resistance 1, petrification resistance
a: no special abilities


You were on level 4 of the Dungeon.
You visited 1 branch of the dungeon, and saw 4 of its levels.

You collected 228 gold pieces.

Inventory:

Hand Weapons
 f - a +3 dagger of venom (weapon)
Missiles
 p - 2 throwing nets
Armour
 a - a +0 robe (worn)
 e - a +0 cloak (worn)
Jewellery
 o - an amulet of regeneration (around neck)
 q - a ring of fire
Wands
 s - a wand of charming (11)
Scrolls
 j - a scroll of fear
 r - a scroll of teleportation
 t - a scroll of identify
Potions
 b - 2 potions of magic
 c - 2 potions of mutation
 d - a potion of flight {unknown}
 g - a potion of degeneration
 h - a potion of cancellation {unknown}
 i - 2 potions of invisibility {unknown}
 k - 6 potions of brilliance
 l - 2 potions of attraction
 m - 2 potions of haste
 n - 2 potions of lignification
 v - a potion of heal wounds {unknown}
 w - a potion of curing {unknown}


   Skills:
 - Level 1.5 Dodging
 - Level 2.1 Stealth
 + Level 3.9 Spellcasting
 + Level 3.1 Transmutations
 + Level 5.7 Earth Magic


You had 11 spell levels left.
You knew the following spells:

 Your Spells              Type           Power      Damage    Failure   Level
a - Sandblast             Erth           48%        2d12      1%          1

Your spell library contained the following spells:

 Spells                   Type           Power      Damage    Failure   Level
 Passwall                 Tmut/Erth      15%        N/A       3%          2
 Sting                    Tmut/Pois      36%        1d4       8%          1
 Stone Arrow              Conj/Erth      26%        3d8       14%         3
 Kiss of Death            Conj/Necr      12%        2d6       16%         1
 Magic Dart               Conj           12%        1d3       16%         1
 Call Imp                 Summ           6%         N/A       22%         2
 Poisonous Vapours        Pois/Air       6%         N/A       22%         2
 Petrify                  Tmut/Erth      19%        N/A       24%         4
 Confusing Touch          Hex            3%         N/A       41%         3
 Dazzling Flash           Conj/Hex       6%         N/A       41%         3
 Mephitic Cloud           Conj/Pois/Air  3%         N/A       41%         3
 Volatile Blastmotes      Fire/Tloc      6%         2d10      41%         3
 Dispel Undead            Necr           3%         3d7       83%         4
 Iskenderun's Mystic Bla  Conj/Tloc      3%         2d3       83%         4
 Olgreb's Toxic Radiance  Pois           3%         N/A       83%         4
 Starburst                Conj/Fire      1%         6d3       100%        6


Dungeon Overview and Level Annotations

Branches:
Dungeon (4/15) Zot: 19398
 Temple: D:4-7

Altars:
Hepliaklqana
Qazlal
Uskayaw
Vehumet
The Shining One


Innate Abilities, Weirdness & Mutations

You are immune to sickness and miasma.
Your stone body is resilient. (AC +4)
You are immune to poison.
You resist negative energy. (rN+)
You are resistant to electric shocks. (rElec)
You are resistant to unholy torment.
You are immune to petrification.


Message History

You kill the quokka!
You now have 10/11 mp.
No target in view!
You now have 221 gold pieces (gained 15).
You now have 228 gold pieces (gained 7).
Found a glowing golden altar of the Shining One.
MP restored: 11 No target in view!
You add the spells Volatile Blastmotes, Dazzling Flash, Iskenderun's Mystic Blast and Starburst to your library.
Casting: Sandblast (safe; 1% risk of failure)
You can't see any susceptible monsters within range! (Use Z to cast anyway.) No target in view!
The frilled lizard hisses angrily.
You open the door.
There is an open door here.
There is an open door here.
There is a stone staircase leading up here.
k - 6 potions of brilliance (gained 2)
Found a stone staircase leading down.
No target in view!
Done exploring.
No target in view!
Done exploring.
No target in view!
Done exploring.
Search for what [Enter for "@", or ? for help]? @
As you read the scroll labelled CICIZXUJIE, it crumbles to dust.
You feel strangely unstable.
It was a scroll of teleportation.
Blink to where?
Press: ? - help, Dir - move target
As you read the scroll labelled IKKOFYSA IGILA, it crumbles to dust.
It was a scroll of blinking.
Unknown command.
You start waiting.
Your surroundings suddenly seem different.
You start waiting.
You start waiting.
Done waiting.
Saving game... please wait.
Welcome back, Elmgren the Gargoyle Earth Elementalist.

............#...##.##..##.......#
..............#..#.#..##.......)#
..........#...##................#
#######.<#...###......###..☼○....
#..#.#.###..........§.○....
#........#.....<...........
#.##............#.#..°.○...
#.#..###......#.#.#######..
#.#.## #.)@...##..# #### #...#
#......#..## #... #.#.#
#........## #.## #.#.#
#####..#..### ##.# ######.#
#.......####..## #......#
##............... #......#
#......##........ #.....##
##....###........ #.....# ######
##.......


There were no monsters in sight!

Vanquished Creatures
  An ogre (D:4)
  A scorpion (D:4)
  An orc priest (D:3)
  An orc wizard (D:3)
  6 adders
  2 worms
  A dart slug (D:2)
  4 orcs (D:3)
  4 bats
  6 endoplasms
  6 giant cockroaches
  14 goblins
  3 hobgoblins
  6 jackals
  5 quokkas
  7 ball pythons
  3 frilled lizards
  10 kobolds
  7 rats
88 creatures vanquished.

Notes
Turn   | Place    | Note
-------+----------+-------------------------------------------
     0 | D:1      | Elmgren the Gargoyle Earth Elementalist began the quest for
                  | the Orb.
     0 | D:1      | Reached XP level 1. HP: 10/10 MP: 3/3
    42 | D:1      | Reached skill level 1 in Transmutations
   426 | D:1      | Reached XP level 2. HP: 15/15 MP: 3/5
   537 | D:1      | Reached skill level 4 in Earth Magic
  1032 | D:2      | Reached XP level 3. HP: 19/19 MP: 4/6
  1880 | D:2      | Found a hazy altar of Hepliaklqana.
  2130 | D:2      | Reached XP level 4. HP: 24/24 MP: 5/8
  2552 | D:3      | Found a hide-covered altar of Uskayaw.
  2614 | D:3      | Found a glowing drain.
  3018 | D:3      | Reached XP level 5. HP: 28/28 MP: 7/9
  3211 | D:3      | Reached skill level 5 in Earth Magic
  3396 | D:3      | Found a stormy altar of Qazlal.
  3785 | D:4      | Found a radiant altar of Vehumet.
  3814 | D:4      | Noticed an ogre
  3823 | D:4      | Killed an ogre
  3824 | D:4      | Reached XP level 6. HP: 20/32 MP: 9/11
  4171 | D:4      | Found a glowing golden altar of the Shining One.
  4538 | D:4      | Quit the game

Illustrated notes

Levels and vault maps discovered:
D:1:      dpeg_arrival_erosion, layout_rooms, nrook_mini_backslash
D:2:      minmay_chambers_of_ones, layout_basic, basic_altar, st_stairs_8,
          dk_noncrumbling_4, minmay_stone_trees_small, minmay_tetromino_s2
D:3:      layout_loops_corners, nicolae_uskayaw_dance_hall,
          mainiacjoe_overflow_brackets, portal_sewer_entry_f,
          minmay_stone_trees_large, nicolae_half_adder
D:4:      layout_rooms, lemuel_round_altar, fiery_altar_vehumet,
          serial_aquarium, aquarium_bridge_straight [aquarium_subvault_bridge,
          aquarium_subvault_window, aquarium_subvault_bridge,
          aquarium_subvault_window], aquarium_bridge_straight
          [aquarium_subvault_bridge, aquarium_subvault_window,
          aquarium_subvault_bridge, aquarium_subvault_wall],
          aquarium_window_corner, aquarium_window_1, aquarium_view_2e,
          aquarium_view_2e, aquarium_balcony_1b, aquarium_pool_double

Skill      XL: |  1  2  3  4  5  6 |
---------------+-------------------+-----
Transmutations | 1 2 3 |  3.1
Earth Magic    | 4 5 |  5.7
Spellcasting   | 3 |  3.9
Dodging        | |  1.5
Stealth        | |  2.1

Action                     |  1- 3 |  4- 6 || total
---------------------------+-------+-------++-------
  Melee: Unarmed           |     1 |       ||     1
         Dagger            |    19 |     4 ||    23
   Cast: Sandblast         |    61 |    67 ||   128
    Use: Scroll            |     7 |     7 ||    14
   Stab: Sleeping          |     1 |       ||     1
 Armour: Robe              |    20 |    23 ||    43
  Dodge: Dodged            |    24 |    35 ||    59
